 Dungeon Crawl Stone Soup version 0.28-a0-1493-g08698888e4 (webtiles) character file.

Game seed: 17672124812946836885

177 bladeefan the Skirmisher (level 5, -1/43 HPs)
             Began as a Demonspawn Chaos Knight on Jan 13, 2022.
             Was a Plaything of Xom.
             Slain by a blink frog (shapeshifter) (7 damage)
             ... in a sewer.
             The game lasted 00:04:43 (2333 turns).

bladeefan the Skirmisher (Demonspawn Chaos Knight)  Turns: 2333, Time: 00:04:44

Health: -1/43      AC:  8    Str: 14    XL:     5   Next: 31%
Magic:  5/5        EV: 11    Int: 12    God:    Xom [......]
Gold:   66         SH:  0    Dex: 12    Spells: 4/4 levels left

rFire   . . .      SeeInvis .   a - +0 mace (chaos)
rCold   . . .      Faith    .   (no shield)
rNeg    . . .      Spirit   .   b - +2 leather armour
rPois   .          Reflect  .   (no helmet)
rElec   .          Harm     .   c - +0 cloak
rCorr   .          Rampage  .   (no gloves)
Will    .....                   (no boots)
Stlth   +.........              (no amulet)
HPRegen 0.14/turn               (no ring)
MPRegen 0.09/turn               (no ring)

@: hasted, unable to read, slow
A: slimy green scales 1, demonic guardian 2, weakness stinger 1, dopey 1,
inability to read while threatened
a: Renounce Religion


You were in a sewer.
You worshipped Xom.
You were a very special plaything of Xom.
You visited 1 branch of the dungeon, and saw 3 of its levels.
You also visited: Sewer.

You collected 66 gold pieces.

Inventory:

Hand Weapons
 a - a +0 mace of chaos (weapon)
Armour
 b - a +2 leather armour (worn)
 c - a +0 cloak (worn)
   (You found it on level 1 of the Dungeon)
Scrolls
 e - a scroll of blinking
 g - a scroll of summoning {unknown}
 h - a scroll of fear {unknown}
 i - a scroll of brand weapon {unknown}
Potions
 f - a potion of curing {unknown}


   Skills:
 * Level 4.5 Fighting
 + Level 3.4 Maces & Flails
 + Level 2.6 Armour
 + Level 2.1 Dodging


You had 4 spell levels left.
You didn't know any spells.
Your spell library contained the following spells:

 Spells                   Type           Power      Damage    Failure   Level
 Scorch                   Fire           0%         2d5       52%         2
 Flame Wave               Conj/Fire      0%         2d4       99%         4
 Summon Cactus Giant      Summ           0%         N/A       100%        6


Dungeon Overview and Level Annotations

Branches:
Dungeon (3/15)              Sewer (1/1)

Altars:


Innate Abilities, Weirdness & Mutations

You are partially covered in slimy green scales. (AC +2)
A demonic guardian rushes to your aid.
You have a small tail.
You are dopey. (Int -2)
You sometimes lose the ability to read scrolls when taking damage.


Message History

You enter the shallow water.
Moving in this stuff is going to be slow.
A kobold comes into view. It is wielding a +0 club.
Found a scroll labelled MIV QEASOUMETZ.
You enter the shallow water.
Moving in this stuff is going to be slow.
The kobold shouts!
You enter the shallow water.
Moving in this stuff is going to be slow.
The kobold hits you with a +0 club.
The kobold splashes around in the water.
Your unstable footing causes you to fumble your attack.
The kobold splashes around in the water.
Your unstable footing causes you to fumble your attack.
The kobold splashes around in the water.
Your unstable footing causes you to fumble your attack.
The kobold hits you with a +0 club.
Your unstable footing causes you to fumble your attack. "This might be better!"
You hear a splash. x2
The kobold changes into a shapeshifter!
The shapeshifter changes into a blink frog!
Your unstable footing causes you to fumble your attack.
The blink frog closely misses you.
Your unstable footing causes you to fumble your attack.
The blink frog barely misses you. The blink frog hits you!
You hit the blink frog but do no damage.
The blink frog hits you!
You feel threatened and lose the ability to read scrolls!
The blink frog hits you.
* * * LOW HITPOINT WARNING * * *
You can read scrolls again.
The blink frog hits you but does no damage.
You enter the shallow water.
Moving in this stuff is going to be slow.
The blink frog hits you.
* * * LOW HITPOINT WARNING * * *
The blink frog closely misses you.
You enter the shallow water.
Moving in this stuff is going to be slow.
The blink frog hits you!
You feel threatened and lose the ability to read scrolls!
* * * LOW HITPOINT WARNING * * *
A demonic guardian appears!
The blink frog blinks!
The blink frog blinks! x2
You feel yourself speed up.
You enter the shallow water.
Moving in this stuff is going to be slow.
The blink frog hits you!
You die...

#≈ ≈# #)#≈# #r#≈#
#≈#≈# ≈.≈ #≈.≈#
#≈ #r# ##.## .#
#≈ #≈# #≈# ≈#
#.###K# #.###≈#
#≈≈≈≈≈# #§≈.≈≈#
##≈≈≈## ##.≈.##
#≈≈≈# #@≈.# #≈≈≈#
#F4≈# #≈≈≈##
##≈..# #≈...##
##≈≈≈.#
#.≈≈.)#####.≈.≈.#
##≈.≈†.≈≈≈≈..≈≈##
###.≈≈≈.≈≈.≈###
##≈≈..≈..##
##.≈.≈≈≈≈## ≈


You could see a blink frog shaped shifter (ally target) and a friendly ice devil
(summoned).

Vanquished Creatures
  A kobold brigand (Sewer)
  4 adders
  3 dart slugs
  An orc (D:3)
  8 bats
  6 endoplasms
  4 giant cockroaches
  5 goblins
  3 hobgoblins
  6 jackals (D:1)
  2 quokkas
  7 ball pythons
  3 frilled lizards
  3 kobolds
  4 rats
60 creatures vanquished.

Vanquished Creatures (collateral kills)
  A rat (Sewer)
1 creature vanquished.

Grand Total: 61 creatures vanquished

Notes
Turn   | Place    | Note
-------+----------+-------------------------------------------
     0 | D:1      | bladeefan the Demonspawn Chaos Knight began the quest for
                  | the Orb.
     0 | D:1      | Reached XP level 1. HP: 18/18 MP: 1/1
    15 | D:1      | Reached skill level 1 in Dodging
   160 | D:1      | Gained mutation: A weak demonic guardian rushes to your
                  | aid. [demonic ancestry]
   160 | D:1      | Reached XP level 2. HP: 24/24 MP: 2/2
   176 | D:1      | XOM: smoke on damage
   246 | D:1      | XOM: silly message
   369 | D:1      | Found a faded altar of an unknown god.
   415 | D:1      | XOM: divination: detect items
   508 | D:1      | Gained mutation: A demonic guardian rushes to your aid.
                  | [demonic ancestry]
   508 | D:1      | Reached XP level 3. HP: 20/29 MP: 3/3
   670 | D:1      | XOM: summons 1 hostile demon
   926 | D:1      | XOM: give mutations
   926 | D:1      | Gained mutation: You are dopey. (Int -2) [Xom's mischief]
   926 | D:1      | Gained mutation: You sometimes lose the ability to read
                  | scrolls when taking damage. [Xom's mischief]
  1032 | D:1      | XOM: summons 2 hostile shadow creatures
  1518 | D:2      | Gained mutation: You have a small tail. [demonic ancestry]
  1518 | D:2      | Reached XP level 4. HP: 37/37 MP: 4/4
  1766 | D:3      | Reached skill level 4 in Fighting
  2038 | D:3      | Found a glowing drain.
  2055 | Sewer    | Entered a sewer
  2106 | Sewer    | Noticed a kobold brigand
  2131 | Sewer    | Killed a kobold brigand
  2132 | Sewer    | Gained mutation: You are partially covered in slimy green
                  | scales. (AC +2) [demonic ancestry]
  2132 | Sewer    | Reached XP level 5. HP: 19/43 MP: 5/5
  2322 | Sewer    | Noticed a shapeshifter
  2322 | Sewer    | a kobold changed into a shapeshifter
  2322 | Sewer    | XOM: polymorph kobold -> shapeshifter
  2322 | Sewer    | Noticed a blink frog
  2322 | Sewer    | a shapeshifter changed into a blink frog
  2333 | Sewer    | Slain by a blink frog (shapeshifter)

Illustrated notes

Levels and vault maps discovered:
D:1:      tarquinn_simple_flora_water_a, layout_rooms,
          hellmonk_ecumenical_altar_dog_temple
D:2:      layout_rooms
D:3:      layout_basic, cheibrodos_sewer_entry_sluice, hangedman_glass_teeth,
          minmay_strange_pillars
Sewer:    sewer_co_tree

Skill      XL: |  1  2  3  4 |
---------------+-------------+-----
Dodging        | 1 2 |  2.1
Armour         | 2 |  2.6
Maces & Flails | 3 |  3.4
Fighting       | 4 |  4.5

Action                   |  1- 3 |  4- 6 || total
-------------------------+-------+-------++-------
Melee: Mace              |   132 |    51 ||   183
       Tailslap          |       |     7 ||     7
  Use: Potion            |     1 |     1 ||     2
       Scroll            |       |     1 ||     1
 Stab: Paralysed         |     4 |       ||     4
Armor: Leather armour    |    68 |    24 ||    92
Dodge: Dodged            |   105 |    35 ||   140

Table legend: (Time is in decaauts)
 A = Elapsed time spent in this place.
 B = Non-inter-level travel time spent in this place.
 C = Inter-level travel time spent in this place.
 D = Time resting spent in this place.
 E = Time spent auto-exploring this place.
 F = Levels seen in this place.
 G = Mean time per level.
                   A        B        C        D        E       F      G
               +--------+--------+--------+--------+--------+-----+--------+
         Total |   2375 |   2348 |     27 |    471 |   1339 |   4 |  593.8 |
       Dungeon |   2074 |   2047 |     27 |    471 |   1099 |   3 |  691.3 |
         Sewer |    301 |    301 |      0 |      0 |    240 |   1 |  301.0 |
               +--------+--------+--------+--------+--------+-----+--------+

Top non-repeatable levels by time:
     D:1: 1065 daAuts
     D:2: 629 daAuts
     D:3: 379 daAuts
   Sewer: 301 daAuts
